 Dungeon Crawl Stone Soup version 0.25-a0-696-g42a9e46d90 (webtiles) character file.

Game seed: 713018510608693010, levelgen mode: deterministic

290 DasRunzen the Conjurer (level 5, -2/42 HPs)
             Began as a Demigod Conjurer on Mar 31, 2020.
             Slain by an orc
             ... wielding a +0 club
              (6 damage)
             ... on level 3 of the Dungeon.
             The game lasted 00:09:12 (3370 turns).

DasRunzen the Conjurer (Demigod Conjurer)           Turns: 3370, Time: 00:09:13

Health: -2/42      AC:  2    Str: 11    XL:     5   Next: 83%
Magic:  9/12       EV: 14    Int: 26    God:
Gold:   264        SH:  0    Dex: 16    Spells: 7/10 levels left

rFire    x . .     SeeInvis .   h - +0 dagger (elec)
rCold    + . .     Gourm    .   (no shield)
rNeg     . . .     Faith    .   a - +0 robe
rPois    .         Spirit   .   (no helmet)
rElec    .         Reflect  .   (no cloak)
rCorr    .         Harm     .   (no gloves)
MR       .....                  (no boots)
Stlth    ++........             (no amulet)
HPRegen  0.14/turn              l - ring of ice
MPRegen  0.13/turn              q - +5 ring of intelligence

@: slowed, very slow
A: high mp 1
a: no special abilities


You were on level 3 of the Dungeon.
You were near starving.

You visited 1 branch of the dungeon, and saw 4 of its levels.

You collected 264 gold pieces.

Inventory:

Hand Weapons
 h - a +0 dagger of electrocution (weapon)
Armour
 a - a +0 robe (worn)
Jewellery
 d - an uncursed ring of flight
 l - a ring of ice (left hand)
 q - a +5 ring of intelligence (right hand)
Scrolls
 f - 5 scrolls of remove curse
 n - a scroll of teleportation
Potions
 e - 2 potions of curing
 g - a potion of degeneration {unknown}
 i - a potion of flight
 r - a potion of magic {unknown}
 s - a potion of haste
Comestibles
 c - 12 rations


   Skills:
 + Level 2.5 Fighting
 + Level 3.2 Dodging
 - Level 1.7 Stealth
 + Level 3.0 Spellcasting
 + Level 4.5 Conjurations


You had 7 spell levels left.
You knew the following spells:

 Your Spells              Type           Power        Failure   Level  Hunger
a - Magic Dart            Conj           ####         1%          1    None
b - Searing Ray           Conj           ####..       2%          2    #......

Your spell library contained the following spells:

 Spells                   Type           Power        Failure   Level  Hunger
 Dazzling Flash           Conj/Hex       ###...       11%         3    ###....
 Fulminant Prism          Conj/Hex       ###.......   36%         4    ####...
 Iskenderun's Mystic Bla  Conj/Tloc      ###.....     36%         4    ####...


Dungeon Overview and Level Annotations

Branches:
Dungeon (4/15)
 Temple: D:4-7

Annotations:
D:3 Blork the orc


Innate Abilities, Weirdness & Mutations

You have an increased reservoir of magic. (+10% MP)


Message History

The orc wizard casts a spell.
The orc wizard flickers and vanishes!
Deactivating autopickup; reactivate with Ctrl-A.
Blork the orc misses you.
The orc wizard mumbles some strange words.
The orc wizard seems to speed up.
Blork the orc hits you with a +0 flail! The orc closely misses you.
The orc misses you. The orc barely misses you.
The orc wizard closely misses you. The orc hits you with a +0 hand axe.
You climb upwards.
Reactivating autopickup.
There is a stone staircase leading down here.
The orc barely misses you. Blork the orc hits you with a +0 flail.
The orc misses you. Blork the orc closely misses you.
The orc hits you with a +0 hand axe. The orc barely misses you.
Blork the orc closely misses you. The orc hits you with a +0 hand axe!
* * * LOW HITPOINT WARNING * * *
The orc hits you with a +0 club.
You die...

##### ########### #§§§§
#.........# #§### #.#######.#
######### #§# # #.# #.# #.......#
#§# # #'#######.# #.o@....# #§# #
........#.####.oo....########§# #
........+....>..o....'......#§# #
........#.###........######.#§###
#+#.....#..........### #.#.#..
..÷.P.P.####.......##### #.#.#.#
....._.................# #.....#
....P.P.####...........# ###....
........# #...........# #####


You could see Blork the orc and 3 orcs.

Vanquished Creatures
  Jessica (D:2)
  Terence (D:2)
  7 gnolls (D:2)
  9 adders
  3 worms
  2 dart slugs (D:1)
  4 leopard geckos
  An orc (D:3)
  2 ball pythons (D:2)
  3 giant cockroaches
  7 goblins
  7 hobgoblins
  2 jackals (D:3)
  A quokka (D:3)
  6 bats
  4 frilled lizards
  14 kobolds
  9 rats
  A plant (D:1)
84 creatures vanquished.

Notes
Turn   | Place    | Note
-------+----------+-------------------------------------------
     0 | D:1      | DasRunzen the Demigod Conjurer began the quest for the Orb.
     0 | D:1      | Reached XP level 1. HP: 14/14 MP: 5/5
   170 | D:1      | Reached XP level 2. HP: 15/22 MP: 0/7
   402 | D:1      | Reached skill level 1 in Fighting
  1016 | D:2      | Reached XP level 3. HP: 27/28 MP: 0/8
  1020 | D:2      | Learned a level 2 spell: Searing Ray
  1165 | D:2      | Reached skill level 4 in Conjurations
  1213 | D:2      | HP: 1/28 [gnoll/+0 spear (12)]
  1503 | D:2      | Reached XP level 4. HP: 22/35 MP: 2/10
  1665 | D:2      | Found a white marble altar of Elyvilon,
  1999 | D:2      | Noticed Terence
  2007 | D:2      | Killed Terence
  2332 | D:2      | Noticed Jessica
  2335 | D:2      | Killed Jessica
  2335 | D:2      | Reached XP level 5. HP: 41/41 MP: 4/12
  2649 | D:3      | Found a blossoming altar of Fedhas,
  3130 | D:3      | Found a basalt altar of Yredelemnul,
  3361 | D:4      | Noticed Blork the orc
  3366 | D:4      | Noticed an ogre
  3370 | D:3      | Slain by an orc

Levels and vault maps discovered:
D:1:      lemuel_arrival_river_ford, layout_loops_cross,
          chequers_serial_rivers_marsh, lexackson_kobold_supper
D:2:      layout_basic, lemuel_doored_altar, minmay_split_cup_small,
          uniq_jessica, uniq_terence
D:3:      layout_basic, marbit_many_paths, fedhas_altar_1, first_ration,
          saegor_snake_ambush
D:4:      layout_gridville, uniq_menkaure, uniq_blork_the_orc

Skill      XL: |  1  2  3  4  5 |
---------------+----------------+-----
Dodging        | 2 3 |  3.2
Spellcasting   | 2 3 |  3.0
Fighting       | 1 2 |  2.5
Conjurations   | 4 |  4.5
Stealth        | |  1.7

Action                   |  1- 3 |  4- 6 || total
-------------------------+-------+-------++-------
Melee: Unarmed           |    22 |       ||    22
       Dagger            |    28 |     4 ||    32
 Cast: Magic Dart        |    61 |    80 ||   141
       Searing Ray       |     5 |     6 ||    11
  Use: Scroll            |       |    13 ||    13
 Stab: Sleeping          |       |     1 ||     1
  Eat: Chunk             |     1 |     6 ||     7
Armor: Robe              |     6 |     1 ||     7
Dodge: Dodged            |    42 |    28 ||    70

Table legend:
 A = Non-vault XP
 B = Vault XP
 C = Vault XP percentage of total XP
 D = Non-vault monster count
 E = Vault monster count
 F = Vault count percentage of total count
                 A         B        C        D         E       F
            +---------+---------+-------+---------+---------+-------
      Total |     275 |     140 |  33.7 |      66 |      17 |  20.5
            +---------+---------+-------+---------+---------+-------
        D:1 |      35 |      10 |  22.2 |      18 |       8 |  30.8
        D:2 |     150 |      89 |  37.2 |      26 |       5 |  16.1
        D:3 |      90 |      41 |  31.3 |      22 |       4 |  15.4
            +---------+---------+-------+---------+---------+-------
